 Dungeon Crawl Stone Soup version 0.21.1 (webtiles) character file.

1185 Monsterracer the Conjurer (level 8, -7/56 (57) HPs)
             Began as a Yellow Draconian Air Elementalist on Feb 3, 2018.
             Was a Follower of Vehumet.
             Shot with a sling bullet by Joseph (19 damage)
             ... on level 7 of the Dungeon.
             The game lasted 00:32:01 (7431 turns).

Monsterracer the Conjurer (DrAE)                    Turns: 7431, Time: 00:32:02

HP:   -7/56 (57)    AC:  8    Str: 11    XL:     8   Next: 19%
MP:   9/15          EV: 12    Int: 25    God:    Vehumet [*.....]
Gold: 253           SH:  0    Dex: 11    Spells: 0/16 levels left

rFire    . . .     SeeInvis .   a - +3 mace (protect)
rCold    . . .     Gourm    .   (no shield)
rNeg     . . .     Faith    .   (armour unavailable)
rPois    .         Spirit   .   (helmet restricted)
rElec    .         Reflect  .   (no cloak)
rCorr    +         Harm     .   e - +0 pair of gloves
MR       .....                  n - +0 pair of boots
Stlth    ++........             d - amulet of rage
HPRegen  0.18/turn              m - +4 ring of intelligence
MPRegen  0.14/turn              q - +3 ring of intelligence

@: slowed, very slow
A: spit acid, acid resistance, unfitting armour, cold-blooded, AC +6
a: Breathe Acid, Renounce Religion, Evoke Berserk Rage


You were on level 7 of the Dungeon.
You worshipped Vehumet.
Vehumet was aware of your devotion.
You were not hungry.

You visited 2 branches of the dungeon, and saw 8 of its levels.

You collected 253 gold pieces.

Inventory:

Hand Weapons
 a - a +3 mace of protection (weapon)
 b - a +0 short sword of speed
 f - a +2 dagger of flaming
 u - a cursed +0 war axe
Armour
 e - a +0 pair of gloves (worn)
 n - a +0 pair of boots (worn)
Jewellery
 d - an amulet of rage (around neck)
 m - a +4 ring of intelligence (left hand)
 q - a +3 ring of intelligence (right hand)
 r - a +4 amulet of reflection {unknown}
Scrolls
 g - 3 scrolls of teleportation
 h - a scroll of magic mapping {!r}
 s - a scroll of remove curse
Potions
 i - a potion of magic
 j - 4 potions of resistance
 k - a potion of degeneration {unknown}
 l - a potion of flight
 p - a potion of curing {unknown}
Books
 o - a book of Air

   Spells                             Type                      Level
   a - Shock                          Conjuration/Air              1
   b - Swiftness                      Charms/Air                   2
   c - Static Discharge               Conjuration/Air              3
   d - Airstrike                      Air                          4
   e - Lightning Bolt                 Conjuration/Air              5
Comestibles
 c - 5 rations
 t - 2 chunks of flesh


   Skills:
 + Level 0.0 Fighting
 - Level 1.7 Dodging
 - Level 1.7 Stealth
 + Level 4.8 Spellcasting
 * Level 6.9 Conjurations
 + Level 5.7 Air Magic


You couldn't memorise any spells.
You knew the following spells:

 Your Spells              Type           Power        Failure   Level  Hunger
a - Shock                 Conj/Air       ####         1%          1    None
b - Static Discharge      Conj/Air       #####...     1%          3    ##.....
c - Airstrike             Air            ####......   8%          4    ####...
d - Lightning Bolt        Conj/Air       #####.....   17%         5    #####..
i - Swiftness             Chrm/Air       ###.....     3%          2    None
j - Flame Tongue          Conj/Fire      ###..        1%          1    None


Dungeon Overview and Level Annotations

Branches:
Dungeon (7/15)             Temple (1/1) D:4

Altars:
Ashenzari
Cheibriados
Dithmenos
Elyvilon
Fedhas
Gozag
Hepliaklqana
Kikubaaqudgha
Makhleb
Nemelex Xobeh
Okawaru
Qazlal
Sif Muna
Trog
Uskayaw
Vehumet
Wu Jian
Xom
Yredelemnul
Zin
The Shining One

Annotations:
D:4 2 transporters
D:7 Joseph


Innate Abilities, Weirdness & Mutations

You can spit globs of acid.
You are resistant to acid.
Your golden yellow scales are hard. (AC +6)
You cannot fit into any form of body armour.
You are cold-blooded and may be slowed by cold attacks.


Message History

You see here a jackal corpse.
You butcher the jackal corpse.
The orc barely misses you.
Things that are here:
3 chunks of flesh; a jackal skeleton
t - 9 chunks of flesh (gained 3)
The orc hits you but does no damage.
There is a stone staircase leading up, spattered with blood here.
Eat one of 9 chunks of flesh? (ye/n/q)
You eat one of the 9 chunks of flesh.
This raw flesh tastes terrible.
The orc closely misses you.
Casting: Shock
Confirm with . or Enter, or press ? or * to list all spells.
Aiming: Shock
Press: ? - help, Shift-Dir - straight line, f - orc
Aim: an orc, wielding a trident and wearing a scale mail The zap hits the orc.
You kill the orc!
Vehumet accepts your kill.
You feel your power returning.
The zap hits Joseph.
Joseph is lightly wounded.
Joseph unwields an uncursed quarterstaff.
Joseph wields a runed hunting sling.
It is covered in frost.
Joseph shoots a sling bullet.
The sling bullet hits you! The sling bullet freezes you.
You take 16 damage, and have 40/56 hp.
MASSIVE DAMAGE!!
You climb upwards.
There is a stone staircase leading down here.
You start resting.
Some of the chunks of flesh in your inventory have rotted away. x2
HP restored.
Health restored: 56
There is a stone staircase leading down here.
You climb downwards.
Level annotation: Joseph
There is a stone staircase leading up here.
Joseph shoots a sling bullet.
The sling bullet closely misses you.
You see here a sling bullet.
Joseph unwields an uncursed hunting sling of freezing.
Joseph wields an uncursed quarterstaff.
Joseph barely misses you. Joseph closely misses you.
Casting: Shock
Confirm with . or Enter, or press ? or * to list all spells.
Okay, then.
Casting: Shock
Confirm with . or Enter, or press ? or * to list all spells.
Joseph is struck by lightning.
Joseph is lightly wounded.
The lightning arcs!
You are struck by lightning.
The lightning grounds out.
Joseph hits you with an uncursed quarterstaff!
You take 9 damage, and have 47/56 hp.
You now have 12/15 mp.
Casting: Static Discharge
Confirm with . or Enter, or press ? or * to list all spells.
Aiming: Shock
Press: ? - help, Shift-Dir - straight line The zap misses Joseph.
The zap hits Joseph.
Joseph appears unharmed.
Joseph is lightly wounded.
Joseph closely misses you.
You now have 11/15 mp.
Casting: Shock
Confirm with . or Enter, or press ? or * to list all spells.
Aiming: Shock
Press: ? - help, Shift-Dir - straight line The zap hits Joseph.
Joseph is lightly wounded.
The zap misses Joseph.
You now have 10/15 mp.
Casting: Shock
Confirm with . or Enter, or press ? or * to list all spells.
Aiming: Shock
Press: ? - help, Shift-Dir - straight line The zap hits Joseph.
Joseph is lightly wounded.
The zap hits Joseph.
Joseph is moderately wounded.
Joseph hits you with an uncursed quarterstaff!
You take 8 damage, and have 40/56 hp.
You now have 9/15 mp.
Casting: Shock
Confirm with . or Enter, or press ? or * to list all spells.
Aiming: Shock
Press: ? - help, Shift-Dir - straight line The zap hits Joseph.
Joseph is moderately wounded.
The zap hits Joseph.
Joseph is moderately wounded.
Joseph says, "I've waited for this moment for such a long time."
Joseph hits you with an uncursed quarterstaff!
You take 10 damage, and have 30/56 hp.
You now have 8/15 mp.
Joseph unwields an uncursed quarterstaff.
Joseph wields an uncursed hunting sling of freezing.
It is covered in frost.
Joseph shoots a sling bullet.
The sling bullet hits you!
* * * LOW HITPOINT WARNING * * *
You feel yourself slow down. The sling bullet freezes you.
* * * LOW HITPOINT WARNING * * *
There is a stone staircase leading up, spattered with blood here.
You see here 2 sling bullets.
You take 19 damage, and have 11/56 hp.
MASSIVE DAMAGE!!
Joseph shoots a sling bullet.
The sling bullet hits you!!
You die...

#..........#.......)##.###
#.......##.............#
#.......###...........######
#..>........##.....#........
###........###.....#.###...#
#<####..###........#...#..
#.# #..# #..........# . #.#
##รท.###........### ..#
#...(.@......#.# . ###
#.##..###...##.####.# #(
#@.# ###......(..# #.....###
#.......... #.....
#.......... #.....
............... ..#....
.@#####........ #......
..###/... #...... ### ....


You could see Joseph.

Vanquished Creatures
  A sky beast (D:5)
  A necrophage (D:7)
  An ogre (D:6)
  A centaur (D:5)
  A scorpion (D:5)
  A howler monkey (D:5)
  2 crimson imps
  A jelly (D:4)
  A hound (D:4)
  3 orc priests (D:5)
  7 orc wizards
  A centaur skeleton (D:6)
  4 worker ants
  A howler monkey zombie (D:5)
  5 gnolls
  5 adders
  An adder skeleton (D:5)
  2 worms (D:2)
  3 dart slugs
  The ghost of letownia2 the Magician, a weakling DsWz (D:3)
  2 leopard geckos
  12 orcs
  7 bats
  5 giant cockroaches
  6 hobgoblins
  22 jackals
  6 kobolds
  2 quokkas
  3 frilled lizards (D:1)
  A giant cockroach zombie (D:5)
  12 goblins
  8 rats
  A rat zombie (D:3)
130 creatures vanquished.

Notes
Turn   | Place    | Note
-------+----------+-------------------------------------------
     0 | D:1      | Monsterracer the Draconian Air Elementalist began the quest for the Orb.
     0 | D:1      | Reached XP level 1. HP: 14/14 MP: 3/3
   243 | D:1      | Reached XP level 2. HP: 20/20 MP: 1/5
   247 | D:1      | Learned a level 2 spell: Swiftness
   473 | D:1      | Reached skill level 2 in Conjurations
  1223 | D:2      | Reached XP level 3. HP: 22/26 MP: 3/6
  1228 | D:2      | Learned a level 3 spell: Static Discharge
  1762 | D:2      | Found an iron altar of Okawaru.
  1795 | D:2      | Reached XP level 4. HP: 27/33 MP: 2/7
  1991 | D:2      | Reached skill level 3 in Conjurations
  2102 | D:2      | Found a basalt altar of Yredelemnul.
  2707 | D:3      | Noticed letownia2's ghost (weakling DsWz)
  2754 | D:3      | Found an opulent altar of Gozag.
  2962 | D:3      | Reached XP level 5. HP: 38/38 MP: 6/9
  3019 | D:3      | Killed letownia2's ghost
  3080 | D:3      | Found an ancient bone altar of Kikubaaqudgha.
  3379 | D:4      | Found a shattered altar of Ashenzari.
  3405 | D:4      | Found a hide-covered altar of Uskayaw.
  3459 | D:4      | Found a transporter.
  3650 | D:4      | Found a transporter.
  3896 | D:4      | Found a staircase to the Ecumenical Temple.
  3902 | Temple   | Entered the Ecumenical Temple
  3957 | Temple   | Became a worshipper of Vehumet
  3982 | D:5      | Entered Level 5 of the Dungeon
  4001 | D:5      | Noticed a centaur
  4019 | D:4      | Reached skill level 4 in Conjurations
  4067 | D:4      | Learned a level 4 spell: Airstrike
  4085 | D:5      | Noticed a sky beast
  4262 | D:5      | Reached XP level 6. HP: 24/45 MP: 4/11
  4266 | D:5      | HP: 22/45 [poisoned by a scorpion]
  4271 | D:5      | HP: 21/45 [poisoned by a scorpion]
  4278 | D:5      | HP: 20/45 [poisoned by a scorpion]
  4286 | D:5      | HP: 19/45 [poisoned by a scorpion]
  4552 | D:5      | Found a glowing silver altar of Zin.
  4553 | D:5      | Noticed an angel
  4846 | D:5      | Reached skill level 5 in Conjurations
  4935 | D:4      | Your scales start taking on a golden yellow colour.
  4935 | D:4      | Reached XP level 7. HP: 38/50 MP: 8/12
  5363 | D:5      | Reached skill level 5 in Air Magic
  5414 | D:5      | Reached * piety under Vehumet
  5414 | D:5      | Offered knowledge of Flame Tongue by Vehumet.
  5430 | D:5      | Learned a level 1 spell: Flame Tongue
  5479 | D:5      | HP: 19/50 [orc priest/divine providence (14)]
  5701 | D:5      | Found a white marble altar of Elyvilon.
  5866 | D:6      | Reached skill level 6 in Conjurations
  6138 | D:6      | Found a deep blue altar of Sif Muna.
  6535 | D:6      | Found a shadowy altar of Dithmenos.
  6854 | D:6      | HP: 21/50 [ogre/giant club (6)]
  6862 | D:6      | Reached XP level 8. HP: 25/57 MP: 8/14
  7121 | D:7      | Noticed Joseph
  7255 | D:7      | Learned a level 5 spell: Lightning Bolt
  7430 | D:7      | HP: 15/56 [Joseph/sling bullet (15)]
  7431 | D:7      | Shot with a sling bullet by Joseph

Skill      XL: |  1  2  3  4  5  6  7 |
---------------+----------------------+-----
Conjurations   | 2 3 4 5 6 |  6.9
Spellcasting   | 3 4 |  4.8
Air Magic      | 4 5 |  5.7
Dodging        | |  1.7
Stealth        | |  1.7

Action                   |  1- 3 |  4- 6 |  7- 9 || total
-------------------------+-------+-------+-------++-------
Melee: Short sword       |    67 |    25 |       ||    92
       Unarmed           |     2 |       |       ||     2
       Tailslap          |     2 |     7 |     1 ||    10
       Mace              |       |    39 |    46 ||    85
 Cast: Shock             |    32 |    77 |    65 ||   174
       Swiftness         |       |     3 |     2 ||     5
       Airstrike         |       |       |     2 ||     2
       Flame Tongue      |       |       |     2 ||     2
       Static Discharge  |       |       |     1 ||     1
 Abil: Breathe Acid      |       |       |     1 ||     1
  Use: Scroll            |       |     6 |     4 ||    10
 Stab: Sleeping          |     5 |     1 |     2 ||     8
  Eat: Chunk             |     3 |    10 |     5 ||    18
       Ration            |       |       |     1 ||     1
Armor: Skin              |    43 |    57 |    37 ||   137
Dodge: Dodged            |    67 |    82 |    61 ||   210

Vault maps used:
D:1:      scummos_arrival_simple_fountains
D:2:      yredelemnul_altar_generic, okawaru_altar_gauntlet_db
D:3:      lemuel_zombie_altar_kikubaaqudgha, nicolae_gozag_seed_capital
D:4:      gammafunk_cloud_chamber, old_standard_altar, lemuel_crystal_altar,
          minmay_temple_entry_enclosed_plants, first_ration
D:5:      overflow_temple_1_default, zin_angel, kennysheep_decorative_pillar
D:6:      led_sif_book, nicolae_dithmenos_through_a_glass_darkly
D:7:      uniq_joseph
Temple:   nicolae_temple_god_jail
